NWL
MODESTO NUTS @ TRI-CITY DUST DEVILS
07/01/1982
 
TOP OF THE 1ST
Modesto Nuts batting - Pitching for Tri-City Dust Devils : LHP Bobby Garcia
Pitching: LHP Bobby Garcia
Batting: RHB Andre Lowe 0-0: Called Strike
0-1: Called Strike
0-2: Ball
1-2: Ball
2-2: Foul Ball, location: 2F
2-2: Ball
3-2: Foul Ball, location: 2F
3-2: Fly out, F8 (Flyball, 8LXD, EV 108.1 MPH)
Batting: RHB Larry Tribble 0-0: Called Strike
0-1: Ball
1-1: SINGLE (Groundball, 6S, EV 68.1 MPH) (infield hit)
Batting: LHB Dave McLaughlin 0-0: Called Strike
0-1: Ball
1-1: SINGLE (Groundball, 4MD, EV 110.0 MPH)
Larry Tribble to second
Runner from 2nd tries for 3rd, SAFE, throw by CF made to third
Batting: RHB Antonio Lopez 0-0: Called Strike
0-1: Ball
1-1: Ball
2-1: SINGLE (Groundball, 34D, EV 97.5 MPH)
Larry Tribble scores
Dave McLaughlin to second
Runner from 2nd tries for 3rd, SAFE, no throw by RF
Batting: RHB James Cecchini 0-0: Called Strike
0-1: Ball
1-1: Ball
2-1: Grounds into double play, 6-4-3 (Groundball, 6, EV 87.5 MPH)
Top of the 1st over - 1 run, 3 hits, 0 errors, 1 left on base; Modesto 1 - Tri-City 0
BOTTOM OF THE 1ST
Tri-City Dust Devils batting - Pitching for Modesto Nuts : RHP Armando Linares
Pitching: RHP Armando Linares
Batting: LHB Kevin Jones 0-0: Ball
1-0: Ball
2-0: Ball
3-0: Base on Balls
Batting: RHB J.B. Moore 0-0: Ball
Kevin Jones steals 2nd base
1-0: Foul Ball, location: 2F
1-1: Ball
2-1: Ball
3-1: Ground out 4-3 (Groundball, 4, EV 100.0 MPH)
Kevin Jones to third
Batting: LHB Rafael Codinach 0-0: Ball
1-0: Ball
2-0: Foul Ball, location: 2F
2-1: Ball
3-1: Base on Balls
Batting: RHB Felipe Hernandez 0-0: Ball
1-0: Foul Ball, location: 2F
1-1: Fly out, F7 (Flyball, 78D, EV 93.8 MPH)
Runner from 3rd tags up, SCORES, no throw by LF
Batting: LHB George Priftis 0-0: Ball
1-0: Called Strike
1-1: Ball
2-1: Ball
3-1: Called Strike
3-2: Base on Balls
Rafael Codinach to second
Batting: LHB Daraka Shaheed 0-0: Called Strike
0-1: Fly out, F8 (Flyball, 8RD, EV 106.9 MPH)
Bottom of the 1st over - 1 run, 0 hits, 0 errors, 2 left on base; Modesto 1 - Tri-City 1
TOP OF THE 2ND
Modesto Nuts batting - Pitching for Tri-City Dust Devils : LHP Bobby Garcia
Batting: LHB Nelson Burciaga 0-0: Ball
1-0: Ball
2-0: Ball
3-0: Called Strike
3-1: Base on Balls
Batting: RHB Jesus Vila 0-0: Ball
1-0: Fly out, F8 (Flyball, 8RM, EV 88.1 MPH)
Batting: RHB Jeff Mace 0-0: Fielders Choice at 2nd, 3-6 (Groundball, 3, EV 86.9 MPH)
Batting: RHB Carlos Leal 0-0: Ball
Wild Pitch!
Jeff Mace to second
1-0: Ball
2-0: Foul Ball, location: 2F
2-1: Ball
3-1: Base on Balls
Batting: RHB Andre Lowe 0-0: Fielders Choice at 2nd, U4 (Groundball, 4M, EV 85.6 MPH)
Top of the 2nd over - 0 runs, 0 hits, 0 errors, 2 left on base; Modesto 1 - Tri-City 1
BOTTOM OF THE 2ND
Tri-City Dust Devils batting - Pitching for Modesto Nuts : RHP Armando Linares
Batting: RHB Dennis Glynn 0-0: Fly out, F6 (Flyball, 6D, EV 94.4 MPH)
Batting: RHB Gereld McDermott 0-0: SINGLE (Groundball, 34D, EV 96.3 MPH)
Batting: RHB Jeff DeWillis 0-0: Ball
1-0: Ball
2-0: Foul Ball, location: 2F
2-1: Fielders Choice at 2nd, 6-4 (Groundball, 6, EV 103.8 MPH)
Batting: LHB Kevin Jones 0-0: Fly out, F8 (Flyball, 8LS, EV 84.4 MPH)
Bottom of the 2nd over - 0 runs, 1 hit, 0 errors, 1 left on base; Modesto 1 - Tri-City 1
TOP OF THE 3RD
Modesto Nuts batting - Pitching for Tri-City Dust Devils : LHP Bobby Garcia
Batting: RHB Larry Tribble 0-0: Ball
1-0: Called Strike
1-1: Ball
2-1: Called Strike
2-2: Ground out 4-3 (Groundball, 4S, EV 85.0 MPH)
Batting: LHB Dave McLaughlin 0-0: Ball
1-0: Ball
2-0: Foul Ball, location: 2F
2-1: Foul Ball, location: 2F
2-2: Foul Ball, location: 2F
2-2: DOUBLE (Groundball, 5L, EV 104.4 MPH)
Batting: RHB Antonio Lopez 0-0: Called Strike
Dave McLaughlin steals 3rd base
0-1: Ball
1-1: Reached on error, E6 (Groundball, 6, EV 86.9 MPH)
Dave McLaughlin scores
Batting: RHB James Cecchini 0-0: Ball
1-0: Foul Ball, location: 2F
1-1: Ball
2-1: Ball
3-1: Called Strike
3-2: Foul Ball, location: 2F
3-2: Foul Ball, location: 2F
3-2: Foul Ball, location: 2F
3-2: Strikes out swinging
Batting: LHB Nelson Burciaga 0-0: Ball
1-0: Ball
2-0: Foul Ball, location: 2F
2-1: SINGLE (Groundball, 56D, EV 101.9 MPH)
Antonio Lopez to third
Runner from 3rd tries for Home, SAFE, throw by LF to home
Nelson Burciaga to second
Batting: RHB Jesus Vila 0-0: SINGLE (Groundball, 34D, EV 101.3 MPH)
Nelson Burciaga to third
Runner from 3rd tries for Home, SAFE, throw by RF to home
Batting: RHB Jeff Mace 0-0: Ball
Wild Pitch!
Jesus Vila to second
1-0: Called Strike
1-1: Ball
2-1: Ball
3-1: Ground out 4-3 (Groundball, 34, EV 100.0 MPH)
Top of the 3rd over - 3 runs, 3 hits, 1 error, 1 left on base; Modesto 4 - Tri-City 1
BOTTOM OF THE 3RD
Tri-City Dust Devils batting - Pitching for Modesto Nuts : RHP Armando Linares
Batting: RHB J.B. Moore 0-0: Ball
1-0: Swinging Strike
1-1: Foul Ball, location: 2F
1-2: Ground out 4-3 (Groundball, 4, EV 103.1 MPH)
Batting: LHB Rafael Codinach 0-0: Foul Ball, location: 2F
0-1: Called Strike
0-2: Ball
1-2: Ball
2-2: Fly out, F7 (Flyball, 7D, EV 100.0 MPH)
Batting: RHB Felipe Hernandez 0-0: Ball
1-0: Called Strike
1-1: Called Strike
1-2: Ball
2-2: Ball
3-2: Strikes out looking
Bottom of the 3rd over - 0 runs, 0 hits, 0 errors, 0 left on base; Modesto 4 - Tri-City 1
TOP OF THE 4TH
Modesto Nuts batting - Pitching for Tri-City Dust Devils : LHP Bobby Garcia
Batting: RHB Carlos Leal 0-0: Ball
1-0: Ball
2-0: Foul Ball, location: 2F
2-1: Foul Ball, location: 2F
2-2: Foul Ball, location: 2F
2-2: Strikes out swinging
Pitching: RHP Rich Doyle
Batting: RHB Andre Lowe 0-0: Foul Ball, location: 2F
0-1: Foul Ball, location: 2F
0-2: Ball
1-2: DOUBLE (Flyball, 7LD, EV 94.4 MPH)
Batting: RHB Larry Tribble 0-0: Reached on error, E5 (Groundball, 5, EV 101.3 MPH)
Andre Lowe scores
Batting: LHB Dave McLaughlin 0-0: Foul Ball, location: 2F
0-1: SINGLE (Groundball, 56S, EV 60.6 MPH) (infield hit)
Larry Tribble to third
Batting: RHB Antonio Lopez 0-0: 3-RUN HOME RUN (Line Drive, 7D, EV 99.4 MPH), Distance : 384 ft
Pitching: LHP Al Bowlin
Batting: RHB James Cecchini 0-0: Ball
1-0: Swinging Strike
1-1: Ball
2-1: Swinging Strike
2-2: Ball
3-2: Strikes out swinging
Batting: LHB Nelson Burciaga 0-0: Called Strike
0-1: Ball
1-1: Ground out 6-3 (Groundball, 6, EV 100.0 MPH)
Top of the 4th over - 4 runs, 3 hits, 1 error, 0 left on base; Modesto 8 - Tri-City 1
BOTTOM OF THE 4TH
Tri-City Dust Devils batting - Pitching for Modesto Nuts : RHP Armando Linares
Batting: LHB George Priftis 0-0: Ball
1-0: Ball
2-0: Ground out 5-3 (Groundball, 5, EV 79.4 MPH)
Batting: LHB Daraka Shaheed 0-0: Ball
1-0: Called Strike
1-1: Ground out 6-3 (Groundball, 6, EV 100.0 MPH)
Batting: RHB Dennis Glynn 0-0: Ball
1-0: Ball
2-0: Ball
3-0: Called Strike
3-1: Called Strike
3-2: Base on Balls
Batting: RHB Gereld McDermott 0-0: Ball
1-0: Foul Ball, location: 2F
1-1: Swinging Strike
1-2: Fielders Choice at 2nd, U4 (Groundball, 4M, EV 108.8 MPH)
Bottom of the 4th over - 0 runs, 0 hits, 0 errors, 1 left on base; Modesto 8 - Tri-City 1
TOP OF THE 5TH
Modesto Nuts batting - Pitching for Tri-City Dust Devils : LHP Al Bowlin
Batting: RHB Jesus Vila 0-0: Foul Ball, location: 2F
0-1: Ball
1-1: Ball
2-1: Foul Ball, location: 2F
2-2: Foul Ball, location: 2F
2-2: Fly out, F6 (Line Drive, 6, EV 64.4 MPH)
Batting: RHB Jeff Mace 0-0: Ball
1-0: Called Strike
1-1: DOUBLE (Groundball, 5L, EV 110.0 MPH)
Batting: RHB Carlos Leal 0-0: Called Strike
0-1: Ball
1-1: Ground out U3 (Groundball, 34S, EV 85.0 MPH)
Jeff Mace to third
Batting: RHB Andre Lowe 0-0: Ball
1-0: Called Strike
1-1: Ball
2-1: Ball
3-1: Base on Balls
Batting: RHB Larry Tribble 0-0: Ball
1-0: Ball
2-0: SINGLE (Groundball, 6M, EV 95.0 MPH)
Jeff Mace scores
Andre Lowe to second
Batting: LHB Dave McLaughlin 0-0: Ball
1-0: Ball
2-0: Foul Ball, location: 2F
2-1: Ball
3-1: Foul Ball, location: 2F
3-2: Foul Ball, location: 2F
3-2: Base on Balls
Andre Lowe to third
Larry Tribble to second
Batting: RHB Antonio Lopez 0-0: Ground out U3 (Groundball, 13, EV 84.4 MPH)
Top of the 5th over - 1 run, 2 hits, 0 errors, 3 left on base; Modesto 9 - Tri-City 1
BOTTOM OF THE 5TH
Tri-City Dust Devils batting - Pitching for Modesto Nuts : RHP Armando Linares
Batting: RHB Jeff DeWillis 0-0: Called Strike
0-1: Foul Ball, location: 2F
0-2: Fly out, F9 (Flyball, 89S, EV 93.1 MPH)
Batting: LHB Kevin Jones 0-0: Swinging Strike
0-1: Called Strike
0-2: Strikes out swinging
Batting: RHB J.B. Moore 0-0: Ball
1-0: Ball
2-0: Called Strike
2-1: Foul Ball, location: 2F
2-2: Ground out 4-3 (Groundball, 4, EV 108.8 MPH)
Bottom of the 5th over - 0 runs, 0 hits, 0 errors, 0 left on base; Modesto 9 - Tri-City 1
TOP OF THE 6TH
Modesto Nuts batting - Pitching for Tri-City Dust Devils : LHP Al Bowlin
Batting: RHB James Cecchini 0-0: Ball
1-0: Ball
2-0: Called Strike
2-1: Ball
3-1: Base on Balls
Batting: LHB Nelson Burciaga 0-0: Fly out, F9 (Flyball, 9S, EV 80.0 MPH)
Batting: RHB Jesus Vila 0-0: Called Strike
0-1: Called Strike
0-2: Ball
1-2: Foul Ball, location: 2F
1-2: Ball
2-2: Grounds into double play, 6-4-3 (Groundball, 56, EV 105.6 MPH)
Top of the 6th over - 0 runs, 0 hits, 0 errors, 0 left on base; Modesto 9 - Tri-City 1
BOTTOM OF THE 6TH
Tri-City Dust Devils batting - Pitching for Modesto Nuts : RHP Armando Linares
Batting: LHB Rafael Codinach 0-0: Ball
1-0: Called Strike
1-1: Foul Ball, location: 2F
1-2: Ball
2-2: Ball
3-2: Strikes out swinging
Batting: RHB Felipe Hernandez 0-0: Ball
1-0: Foul Ball, location: 2F
1-1: Called Strike
1-2: Ball
2-2: Foul Ball, location: 2F
2-2: Ball
3-2: Foul Ball, location: 2F
3-2: Strikes out looking
Batting: LHB George Priftis 0-0: Ball
1-0: Called Strike
1-1: Ball
2-1: Foul Ball, location: 2F
2-2: Foul Ball, location: 2F
2-2: Ball
3-2: Foul Ball, location: 2F
3-2: Foul Ball, location: 2F
3-2: Base on Balls
Pitching: LHP David Sweeder
Batting: LHB Daraka Shaheed 0-0: Ball
1-0: Called Strike
1-1: Foul Ball, location: 2F
1-2: Ball
2-2: Foul Ball, location: 2F
2-2: Ball
3-2: Foul Ball, location: 2F
3-2: Base on Balls
George Priftis to second
Batting: RHB Dennis Glynn 0-0: Ball
1-0: Called Strike
1-1: Fly out, F7 (Flyball, 7, EV 83.1 MPH)
Bottom of the 6th over - 0 runs, 0 hits, 0 errors, 2 left on base; Modesto 9 - Tri-City 1
TOP OF THE 7TH
Modesto Nuts batting - Pitching for Tri-City Dust Devils : LHP Al Bowlin
Batting: RHB Jeff Mace 0-0: Ball
1-0: Foul Ball, location: 2F
1-1: Called Strike
1-2: Strikes out swinging
Batting: RHB Carlos Leal 0-0: Foul Ball, location: 2F
0-1: Ball
1-1: Foul Ball, location: 2F
1-2: Strikes out swinging
Batting: RHB Andre Lowe 0-0: Called Strike
0-1: Fly out, F8 (Flyball, 8RD, EV 88.1 MPH)
Top of the 7th over - 0 runs, 0 hits, 0 errors, 0 left on base; Modesto 9 - Tri-City 1
BOTTOM OF THE 7TH
Tri-City Dust Devils batting - Pitching for Modesto Nuts : LHP David Sweeder
Pinch Hitting: RHB Paul Daddario 0-0: Fly out, F3 (Popup, 3S, EV 78.1 MPH)
Batting: RHB Jeff DeWillis 0-0: Foul Ball, location: 2F
0-1: Ball
1-1: SINGLE (Groundball, 56D, EV 105.0 MPH)
Pinch Hitting: LHB David Otersen 0-0: Fly out, F7 (Flyball, 78S, EV 77.5 MPH)
Pinch Hitting: RHB Ray Williams 0-0: Called Strike
0-1: Foul Ball, location: 2F
0-2: Strikes out swinging
Bottom of the 7th over - 0 runs, 1 hit, 0 errors, 1 left on base; Modesto 9 - Tri-City 1
TOP OF THE 8TH
Modesto Nuts batting - Pitching for Tri-City Dust Devils : LHP Al Bowlin
Now in LF: Jeffrey Depiano
Now in CF: David Otersen
Now in RF: Ray Williams
Batting: RHB Larry Tribble 0-0: Called Strike
0-1: Ground out 6-3 (Groundball, 6, EV 107.5 MPH)
Batting: LHB Dave McLaughlin 0-0: Ball
1-0: Fly out, F3 (Popup, 3, EV 76.9 MPH)
Batting: RHB Antonio Lopez 0-0: Called Strike
0-1: SINGLE (Line Drive, 4D, EV 93.8 MPH)
Batting: RHB James Cecchini 0-0: Called Strike
0-1: Ball
1-1: Ball
2-1: Ball
3-1: 2-RUN HOME RUN (Flyball, 7LD, EV 94.4 MPH), Distance : 371 ft
Pitching: LHP Rick Odekirk
Batting: LHB Nelson Burciaga 0-0: Ball
1-0: Fly out, F7 (Flyball, 7S, EV 88.1 MPH)
Top of the 8th over - 2 runs, 2 hits, 0 errors, 0 left on base; Modesto 11 - Tri-City 1
BOTTOM OF THE 8TH
Tri-City Dust Devils batting - Pitching for Modesto Nuts : LHP David Sweeder
Pinch Hitting: LHB Randy Puckett 0-0: Ball
1-0: Foul Ball, location: 2F
1-1: Fly out, F8 (Flyball, 89D, EV 101.3 MPH)
Pitching: RHP Kyle Hartshorn
Batting: RHB Felipe Hernandez 0-0: Ball
1-0: Called Strike
1-1: Ball
2-1: Foul Ball, location: 2F
2-2: Foul Ball, location: 2F
2-2: DOUBLE (Line Drive, 7LM, EV 95.0 MPH)
Pinch Hitting: RHB Bill Lucas 0-0: SINGLE (Groundball, 6S, EV 70.6 MPH) (infield hit)
Felipe Hernandez to third
Batting: LHB Daraka Shaheed 0-0: Ball
1-0: Ball
2-0: Grounds into double play, 4-6-3 (Groundball, 4, EV 86.9 MPH)
Bottom of the 8th over - 0 runs, 2 hits, 0 errors, 1 left on base; Modesto 11 - Tri-City 1
TOP OF THE 9TH
Modesto Nuts batting - Pitching for Tri-City Dust Devils : LHP Rick Odekirk
Now at 1B: Billy Welch
Now at 2B: Randy Puckett
Batting: RHB Jesus Vila 0-0: Called Strike
0-1: Ball
1-1: Called Strike
1-2: Ball
2-2: Ball
3-2: SOLO HOME RUN (Flyball, 7LD, EV 101.9 MPH), Distance : 370 ft
Batting: RHB Jeff Mace 0-0: Ball
1-0: Foul Ball, location: 2F
1-1: Called Strike
1-2: Ball
2-2: Strikes out looking
Batting: RHB Carlos Leal 0-0: Ball
1-0: Ball
2-0: Ball
3-0: Base on Balls
Batting: RHB Andre Lowe 0-0: Ball
1-0: Ball
2-0: Called Strike
Pickoff Throw to First - Out! 1-3
2-1: Foul Ball, location: 2F
2-2: Ball
3-2: Fly out, F8 (Flyball, 8RM, EV 89.4 MPH)
Top of the 9th over - 1 run, 1 hit, 0 errors, 0 left on base; Modesto 12 - Tri-City 1
BOTTOM OF THE 9TH
Tri-City Dust Devils batting - Pitching for Modesto Nuts : RHP Kyle Hartshorn
Batting: RHB Dennis Glynn 0-0: Called Strike
0-1: Ball
1-1: Ball
2-1: Foul Ball, location: 2F
2-2: Ground out 6-3 (Groundball, 6, EV 84.4 MPH)
Batting: RHB Jeffrey Depiano 0-0: Foul Ball, location: 2F
0-1: Foul Ball, location: 2F
0-2: Foul Ball, location: 2F
0-2: Strikes out swinging
Batting: RHB Jeff DeWillis 0-0: Ground out 6-3 (Groundball, 6, EV 88.1 MPH)
Bottom of the 9th over - 0 runs, 0 hits, 0 errors, 0 left on base; Modesto 12 - Tri-City 1
Wednesday, August 12th, 2020 - OOTP Baseball 21.5 Build 76